AoeStats
← DK_Odysseo

Arabia

509957028Analyzed
1v1 RM · 3d ago on Sep 28, 2026· 31m 4s· 2 players
Game mode
Random Map
Map size
Tiny (2 player)
Population
200
Speed
Normal
Resources
Standard
Victory
Conquest
Starting age
Dark Age
Ending age
Imperial Age
RankedLock teamsTeams togetherTeam positionsShared explorationLock speedFull tech treeHidden civsTurbo modeCheats
Victory
Defeat
🇪🇨 Bulgarians · Ecuador
1919
+16
🇪🇸 Jurchens · Spain
1924
-16
Eärnur
6:02 Loom
8:53 Feudal Age
10:03 Double-Bit Axe
17:41 Fletching
22:11 Castle Age
20:35 Padded Archer Armor
21:41 Scale Mail Armor
21:56 Bloodlines
21:52 Scale Barding Armor
22:34 Gold Mining
22:25 Horse Collar
23:06 Bow Saw
23:02 Town Watch
24:44 Wheelbarrow
24:29 Elite Skirmisher
25:11 Bodkin Arrow
27:28 Heavy Plow
28:28 Leather Archer Armor
DK_Odysseo
5:59 Loom
8:35 Feudal Age
9:25 Double-Bit Axe
13:28 Horse Collar
15:15 Fletching
22:43 Castle Age
22:37 Gold Mining
22:46 Crossbowman
23:28 Bodkin Arrow
28:11 Ballistics
29:06 Padded Archer Armor
Connection lost

Rejoining the realm…

Still unreachable

The connection could not be restored.

Session expired

The server has moved on; the page needs a fresh start.